 Dungeon Crawl Stone Soup version 0.19-a0-1008-g4c63d25 (webtiles) character file.

5166 Implojin the Grappler (level 10, -7/97 HPs)
             Began as a Minotaur Fighter on July 22, 2016.
             Was an Elder of Okawaru.
             Mangled by an ice devil (22 damage)
             ... in an ice cave.
             The game lasted 00:15:05 (2115 turns).

Implojin the Grappler (Minotaur Fighter)            Turns: 2115, Time: 00:15:06

Health: -7/97      AC: 18    Str: 22    XL:     10   Next: 34%
Magic:  9/10       EV:  8    Int:  5    God:    Okawaru [****..]
Gold:   38         SH: 12    Dex: 12    Spells: 0 memorised, 9 levels left

rFire  . . .     SeeInvis .       - Unarmed
rCold  . . .     Gourm    .     t - +0 plate armour
rNeg   . . .     Faith    .     b - +0 shield
rPois  .         Spirit   .     (helmet restricted)
rElec  .         Dismiss  .     q - +0 cloak
rCorr  .         Reflect  .     (no gloves)
SustAt .         Harm     .     z - +2 pair of boots
MR     .....                    (no amulet)
Stlth  ..........               (no ring)
                                (no ring)

@: heroism, invisible, not resistant to hostile enchantments, extremely
unstealthy
A: retaliatory headbutt, horns 2
a: Heroism, Renounce Religion


You were in an ice cave.
You worshipped Okawaru.
Okawaru was greatly pleased with you.
You were not hungry.

You visited 1 branch of the dungeon, and saw 10 of its levels.
You also visited: Ice Cave.

You collected 132 gold pieces.
You spent 94 gold pieces at shops.

Inventory:

Missiles
 c - 8 needles of confusion
 k - 2 throwing nets (quivered)
Armour
 a - a +0 scale mail
 b - a +0 shield (worn)
 j - a +0 chain mail
 q - a +0 cloak (worn)
 t - a +0 plate armour (worn)
 z - a +2 pair of boots (worn)
 A - a +0 pair of boots
Magical Staves
 x - an uncursed staff of air {unknown}
Jewellery
 B - an uncursed ring of see invisible {unknown}
Wands
 f - a wand of polymorph (11/24)
 n - a wand of confusion (23/48)
 v - a wand of lightning (4/15)
Scrolls
 e - 2 scrolls of immolation
 g - a scroll of amnesia
 h - a scroll of fog
 l - 2 scrolls of enchant weapon
 o - a scroll of noise
 p - a scroll of summoning {unknown}
 y - a scroll of identify
Potions
 r - a potion of invisibility
 u - a potion of curing {unknown}
 w - a potion of haste {unknown}
Books
 s - a book of Callings

   Spells                             Type                      Level
   a - Summon Small Mammal            Summoning                    1
   b - Call Imp                       Summoning                    2
   c - Call Canine Familiar           Summoning                    3
   d - Summon Guardian Golem          Hexes/Summoning              3
   e - Summon Lightning Spire         Summoning/Air                4
   f - Summon Ice Beast               Ice/Summoning                4
Miscellaneous
 m - a phantom mirror
Comestibles
 d - 2 bread rations
 i - 4 meat rations
 C - a chunk of flesh


   Skills:
 - Level 12.1(17.1) Fighting
 - Level 3.6(8.6) Armour
 * Level 4.6(9.6) Shields
 - Level 12.2(17.2) Unarmed Combat
 - Level 2.0 Invocations


You had 9 spell levels left.
You didn't know any spells.

Dungeon Overview and Level Annotations

Branches:
Dungeon (12/15)              Lair (0/6) D:10
 Temple: D:4-7          Orc: D:9-12

Altars:
Ashenzari
Cheibriados
Dithmenos
Elyvilon
Makhleb
Okawaru
Pakellas
Uskayaw
Vehumet

Shops:
D:8 [!*!   D:9 [


Innate Abilities, Weirdness & Mutations

You reflexively headbutt those who attack you in melee.
You have a pair of horns on your head.


Message History

You punch the ice devil! You headbutt the ice devil.
The ice devil is heavily wounded.
The ice devil hits you but does no damage.
You hit the ice devil.
The ice devil is severely wounded.
The ice devil closely misses you.
The ice devil hits you but does no damage.
You hit the ice devil.
The ice devil is severely wounded.
The ice devil hits you but does no damage.
You hit the ice devil but do no damage.
The ice devil is severely wounded.
The ice devil hits you but does no damage.
You block the ice devil's attack.
Your shield and plate armour prevent you from hitting the ice devil.
You headbutt the ice devil.
The ice devil is almost dead.
The ice devil hits you but does no damage.
You barely miss the ice devil.
The ice devil is almost dead.
The ice devil hits you! The ice devil freezes you!
* * * LOW HITPOINT WARNING * * *
Unknown command.
You closely miss the ice devil. Your headbutt misses the ice devil.
The ice devil is almost dead.
You block the ice devil's attack. x2
Your plate armour prevents you from hitting the ice devil.
You headbutt the ice devil!
You kill the ice devil!
Okawaru accepts your kill.
Your base Shields skill increases to level 4!
The ice devil hits you.
* * * LOW HITPOINT WARNING * * *
The ice devil freezes you!!
* * * LOW HITPOINT WARNING * * *
You fade into invisibility!
The ice devil hits you.
* * * LOW HITPOINT WARNING * * *
The ice devil freezes you!!
You die...

#### ....## ......#
....... ....... ####
.......## ##..##
........######....##
..........##.......#
.⌠........4@...∩∩..#
...................#
........##..##....##
.......########..##
....... #### .......
.....# ...##


You could see an ice devil.

Vanquished Creatures
  The ghost of pleonasm the Carver, a novice HESk of Hepliaklqana (D:10)
  Nergalle (D:10)
  The ghost of dogface the Gusty, a novice HaAE (D:5)
  Psyche (D:8)
  2 ice devils (IceCv)
  Eustachio (D:5)
  8 yaks
  2 orc warriors (D:10)
  An ogre (D:9)
  A giant frog (D:12)
  A gnoll sergeant (D:8)
  3 scorpions
  9 wights
  4 howler monkeys
  2 crimson imps
  2 orc priests
  A quasit (D:9)
  3 iguanas
  3 orc wizards
  4 worker ants
  A hound skeleton (D:10)
  4 gnolls (D:8)
  6 adders
  A shadow imp (D:11)
  An ooze (D:1)
  An adder skeleton (D:4)
  A worm (D:2)
  3 giant geckos
  9 orcs
  4 jackals (D:4)
  2 quokkas
  2 giant newts (D:2)
  2 goblins (D:2)
  3 kobolds
91 creatures vanquished.

Notes
Turn   | Place    | Note
-------+----------+-------------------------------------------
     0 | D:1      | Implojin the Minotaur Fighter began the quest for the Orb.
     0 | D:1      | Reached XP level 1. HP: 19/19 MP: 0/0
    50 | D:1      | Reached skill level 3 in Unarmed Combat
    63 | D:2      | Found a white marble altar of Elyvilon.
    68 | D:2      | Reached XP level 2. HP: 24/26 MP: 1/1
   132 | D:2      | Reached skill level 4 in Unarmed Combat
   132 | D:2      | Reached XP level 3. HP: 26/31 MP: 2/2
   202 | D:4      | Reached XP level 4. HP: 36/39 MP: 3/3
   227 | D:4      | Reached skill level 5 in Unarmed Combat
   269 | D:4      | Found a hide-covered altar of Uskayaw.
   291 | D:4      | Found an oddly glowing altar of Pakellas.
   292 | D:4      | Found an iron altar of Okawaru.
   293 | D:4      | Found a radiant altar of Vehumet.
   294 | D:4      | Found a snail-covered altar of Cheibriados.
   294 | D:4      | Found a shadowy altar of Dithmenos.
   296 | D:4      | Found a shattered altar of Ashenzari.
   297 | D:4      | Found a burning altar of Makhleb.
   300 | D:4      | Became a worshipper of Warmaster Okawaru
   345 | D:4      | Reached XP level 5. HP: 33/45 MP: 4/4
   366 | D:5      | Entered Level 5 of the Dungeon
   366 | D:5      | Noticed dogface's ghost (novice HaAE)
   378 | D:5      | Killed dogface's ghost
   378 | D:5      | Reached * piety under Okawaru
   378 | D:5      | Reached ** piety under Okawaru
   378 | D:5      | Reached skill level 8 in Unarmed Combat
   378 | D:5      | Reached XP level 6. HP: 38/51 MP: 5/5
   439 | D:5      | Noticed Eustachio
   472 | D:5      | Reached XP level 7. HP: 28/57 MP: 3/6
   505 | D:5      | Killed Eustachio
   505 | D:5      | Reached skill level 9 in Unarmed Combat
   564 | D:5      | You fall through a shaft for 3 floors!
   611 | D:8      | Reached skill level 1 in Invocations
   617 | D:8      | Reached skill level 2 in Invocations
   654 | D:9      | Found Helonirr's Armour Boutique.
   696 | D:8      | Found Hooporu's Distillery.
   755 | D:9      | Reached skill level 10 in Unarmed Combat
   755 | D:9      | Reached XP level 8. HP: 64/64 MP: 5/8
   784 | D:8      | Found Benlosh's Distillery.
   816 | D:8      | Noticed Psyche
   833 | D:8      | Killed Psyche
   833 | D:8      | Reached *** piety under Okawaru
   886 | D:8      | Found Lotynoy's Antique Armour Boutique.
   911 | D:8      | Found Riroru's General Store.
  1047 | D:9      | Reached skill level 11 in Unarmed Combat
  1113 | D:10     | Entered Level 10 of the Dungeon
  1203 | D:10     | Found a staircase to the Lair.
  1225 | D:10     | Reached skill level 12 in Unarmed Combat
  1274 | D:10     | Reached skill level 4 in Fighting
  1274 | D:10     | Reached XP level 9. HP: 41/71 MP: 6/9
  1320 | D:10     | Reached skill level 5 in Fighting
  1444 | D:10     | Noticed Nergalle
  1520 | D:11     | Reached skill level 6 in Fighting
  1601 | D:11     | Reached skill level 7 in Fighting
  1612 | D:11     | Reached skill level 8 in Fighting
  1616 | D:11     | Reached **** piety under Okawaru
  1620 | D:11     | Reached skill level 9 in Fighting
  1659 | D:10     | Noticed pleonasm's ghost (novice HESk)
  1675 | D:10     | Killed pleonasm's ghost
  1675 | D:10     | Reached skill level 10 in Fighting
  1686 | D:9      | Reached XP level 10. HP: 75/94 MP: 7/10
  1746 | D:10     | Killed Nergalle
  1746 | D:10     | Reached skill level 11 in Fighting
  1879 | D:8      | Bought a pair of embroidered boots for 94 gold pieces
  2060 | D:12     | Found a frozen archway.
  2074 | IceCv    | Entered an ice cave
  2089 | IceCv    | Reached skill level 12 in Fighting
  2114 | IceCv    | Reached skill level 4 in Shields
  2115 | IceCv    | Mangled by an ice devil

Vault maps used:
D:1:      dpeg_arrival_pond
D:2:      elyvilon_altar_4, first_bread
D:3:      overflow_temple_1_default, grunt_ministairs_8, serial_bayou_pond_a
D:4:      grunt_temple_overflow_open, lemuel_coloured_pillars_altar,
          overflow_temple_1_default
D:5:      uniq_menkaure, uniq_eustachio
D:8:      serial_shops, nicolae_shop_waterfront, nicolae_shop_trees,
          kennysheep_mini_moat, shop_statue, uniq_pikel, uniq_psyche
D:9:      old_standard_altar, nicolae_gozag_cash_rules_everything_around_me,
          serial_shops, shop
D:10:     dpeg_lair_monsters, minmay_curled_crystal, uniq_nergalle
D:12:     erik_orc_1, portal_ice_cave_entry_pillars_1
IceCv:    ice_cave_tombish

Skill      XL: |  1  2  3  4  5  6  7  8  9 10 |
---------------+-------------------------------+-----
Unarmed Combat | 3 4 5 8 10 12 | 12.2
Invocations    | 2 |  2.0
Fighting       | 4 10 12 | 12.1
Shields        | 4 |  4.6
Armour         | |  3.6

Action                   |  1- 3 |  4- 6 |  7- 9 | 10-12 || total
-------------------------+-------+-------+-------+-------++-------
Melee: Unarmed           |    64 |    48 |   182 |    53 ||   347
       Headbutt          |     5 |     6 |    39 |     8 ||    58
Invok: Heroism           |       |     1 |    17 |     4 ||    22
  Use: Potion            |     1 |     1 |       |     1 ||     3
       Scroll            |       |     2 |     5 |       ||     7
  Eat: Chunk             |       |       |     3 |     1 ||     4
Armor: Scale mail        |    17 |     7 |       |       ||    24
       Chain mail        |       |     9 |    25 |       ||    34
       Plate armour      |       |       |    31 |    27 ||    58
Dodge: Dodged            |    15 |     7 |    22 |     8 ||    52
Block: Shield            |    28 |    22 |    70 |    21 ||   141

Table legend:
 A = Turns spent in this place as a percentage of turns spent in the entire game.
 B = Non-inter-level travel turns spent in this place as a percentage of non-inter-level travel turns spent in the entire game.
 C = Inter-level travel turns spent in this place as a percentage of turns spent in this place.
 D = Turns resting spent in this place as a percentage of non-inter-level travel turns spent in this place.
 E = Turns spent auto-exploring this place as a percentage of non-inter-level travel turns spent in this place.
 F = Non-inter-level travel turns spent in this place divided by the number of levels of this place that you've seen.
                   A       B       C       D       E      F
               +-------+-------+-------+-------+-------+----------------------
         Total | 100.0 | 100.0 |   0.0 |   0.0 |   0.0 | 191.4
       Dungeon |  97.7 |  97.7 |   0.0 |   0.0 |   0.0 | 205.7
      Ice Cave |   2.3 |   2.3 |   0.0 |   0.0 |   0.0 |  48.0
               +-------+-------+-------+-------+-------+----------------------

Table legend:
 A = Kills in this place as a percentage of kills in entire the game.
 B = Kills by you in this place as a percentage of kills by you in the entire game.
 C = Kills by friends in this place as a percentage of kills by friends in the entire game.
 D = Other kills in this place as a percentage of other kills in the entire game.
 E = Experience gained in this place as a percentage of experience gained in the entire game.
 F = Experience gained in this place divided by the number of levels of this place that you have seen.
                   A       B       C       D       E      F
               +-------+-------+-------+-------+-------+----------------------
         Total | 100.0 | 100.0 |  -nan |  -nan | 100.0 | 670.9
       Dungeon |  97.8 |  97.8 |  -nan |  -nan |  91.0 | 671.4
      Ice Cave |   2.2 |   2.2 |  -nan |  -nan |   9.0 | 666.0
               +-------+-------+-------+-------+-------+----------------------
